General information
- name: BNet
- type: Ladder team game (AT/RT)
- host: Battle.net
- saver: SC2-BAD-GAME
map: Cherryville
- players: 8
- length: 27:16
- speed: Fast
- version: 1.26 W3XP
- replay type: Public
» download(201 KB)
Players
team 1 (winner)
OffSprlNg (
pink | 69 APM | 1886 actions | 27:16)
5 Archmage
3 Blizzard
2 Brilliance Aura
3 Mountain King
2 Storm Bolt
1 Bash
» actions
| Assign group hotkey | 62 | |
| Basic commands | 164 | |
| Build / train | 106 | |
| Enter build submenu | 30 | |
| Enter hero's abilities submenu | 9 | |
| Right click | 401 | |
| Select / deselect | 391 | |
| Select group hotkey | 641 | |
| Use ability | 82 | |
1886 total
» units
| Peasant | 27 | |
| Footman | 9 | |
| Gryphon Rider | 15 | |
| Rifleman | 3 | |
| Mortar Team | 4 | |
| Sorceress | 2 | |
| Siege Engine | 2 | |
62 total
» upgrades
| Masonry | 3 | |
| Defend | 1 | |
| Storm Hammers | 1 | |
| Animal War Training | 1 | |
| Swords | 3 | |
| Armor | 2 | |
| Barrage | 1 | |
12 total
» buildings
| Altar of Kings | 1 | |
| Barracks | 1 | |
| Farm | 13 | |
| Scout Tower | 10 | |
| Arcane Tower | 2 | |
| Arcane Vault | 1 | |
| Town Hall | 2 | |
| Keep | 1 | |
| Lumber Mill | 1 | |
| Guard Tower | 8 | |
| Castle | 2 | |
| Gryphon Aviary | 3 | |
| Blacksmith | 1 | |
46 total
» build order
00:27 Altar of Kings
00:33 Barracks
00:37 Farm
00:44 Farm
01:39 Scout Tower
01:41 Farm
02:18 Arcane Tower
02:55 Farm
03:19 Arcane Vault
04:10 Town Hall
05:50 Keep
06:01 Scout Tower
06:30 Lumber Mill
06:38 Arcane Tower
06:41 Scout Tower
06:43 Scout Tower
07:26 Scout Tower
07:27 Scout Tower
07:31 Guard Tower
07:39 Guard Tower
08:11 Guard Tower
08:29 Castle
08:40 Gryphon Aviary
08:43 Gryphon Aviary
09:16 Guard Tower
09:22 Gryphon Aviary
09:53 Scout Tower
09:57 Scout Tower
10:14 Blacksmith
10:20 Farm
10:24 Farm
10:24 Farm
10:26 Guard Tower
10:33 Guard Tower
11:31 Scout Tower
11:32 Scout Tower
12:17 Guard Tower
13:16 Farm
13:17 Farm
13:18 Farm
13:20 Guard Tower
14:10 Farm
16:51 Farm
16:52 Farm
21:27 Town Hall
23:24 Castle
» items
| Scroll of Regeneration | 5 | |
| Scroll of Town Portal | 4 | |
9 total
bean12 (
red | 46 APM | 753 actions | 16:23)
3 Paladin
1 Holy Light
1 Devotion Aura
1 Divine Shield
» actions
| Assign group hotkey | 28 | |
| Build / train | 53 | |
| Enter build submenu | 21 | |
| Enter hero's abilities submenu | 3 | |
| Right click | 406 | |
| Select / deselect | 148 | |
| Select group hotkey | 53 | |
| Use ability | 41 | |
753 total
» units
| Peasant | 8 | |
| Rifleman | 13 | |
| Mortar Team | 7 | |
28 total
» upgrades
| Gunpowder | 2 | |
| Armor | 2 | |
| Long Rifles | 1 | |
| Masonry | 1 | |
| Flare | 1 | |
7 total
» buildings
| Altar of Kings | 1 | |
| Farm | 10 | |
| Blacksmith | 1 | |
| Barracks | 1 | |
| Scout Tower | 4 | |
| Arcane Tower | 1 | |
| Arcane Vault | 1 | |
| Keep | 1 | |
| Lumber Mill | 1 | |
| Workshop | 1 | |
| Guard Tower | 3 | |
25 total
» build order
00:18 Altar of Kings
00:20 Farm
00:47 Blacksmith
00:56 Barracks
01:29 Farm
02:17 Farm
02:30 Scout Tower
02:57 Arcane Tower
03:02 Farm
04:11 Arcane Vault
05:13 Keep
05:18 Farm
05:23 Lumber Mill
06:32 Farm
07:10 Farm
09:27 Workshop
09:51 Scout Tower
10:17 Scout Tower
10:18 Guard Tower
10:52 Guard Tower
10:59 Farm
11:10 Scout Tower
12:22 Farm
15:30 Farm
15:31 Guard Tower
» items
| Dust of Appearance | 1 | |
| Scroll of Protection | 1 | |
| Scroll of Regeneration | 2 | |
| Scroll of Town Portal | 2 | |
| Potion of Healing | 1 | |
7 total
WVUMountaineer (
teal | 32 APM | 530 actions | 16:28)
4 Demon Hunter
2 Immolation
2 Evasion
» actions
| Build / train | 47 | |
| Enter build submenu | 14 | |
| Enter hero's abilities submenu | 4 | |
| Give item / drop item | 7 | |
| Right click | 194 | |
| Select / deselect | 201 | |
| Use ability | 63 | |
530 total
» units
| Wisp | 17 | |
| Archer | 4 | |
| Goblin Shredder | 1 | |
| Chimaera | 2 | |
| Hippogryph | 1 | |
25 total
» upgrades
| Corrosive Breath | 1 | |
| Strength of the Wild | 1 | |
2 total
» buildings
| Altar of Elders | 1 | |
| Moon Well | 4 | |
| Ancient of War | 1 | |
| Ancient of Wonders | 1 | |
| Tree of Ages | 1 | |
| Tree of Life | 2 | |
| Tree of Eternity | 1 | |
| Ancient of Wind | 1 | |
| Hunter's Hall | 1 | |
| Chimaera Roost | 3 | |
16 total
» build order
00:08 Altar of Elders
00:20 Moon Well
01:15 Ancient of War
01:23 Moon Well
01:40 Ancient of Wonders
02:04 Moon Well
03:03 Tree of Ages
04:08 Tree of Life
04:17 Moon Well
05:25 Tree of Eternity
05:34 Ancient of Wind
07:20 Hunter's Hall
07:51 Chimaera Roost
07:54 Chimaera Roost
08:05 Chimaera Roost
09:54 Tree of Life
» items
| Lesser Clarity Potion | 5 | |
| Potion of Healing | 4 | |
| Orb of Venom | 1 | |
| Scroll of Town Portal | 1 | |
| Scroll of Healing | 1 | |
| Moonstone | 1 | |
13 total

»
chilly (
orange | 38 APM | 627 actions | 16:28)
3 Paladin
2 Devotion Aura
1 Holy Light
» actions
| Build / train | 44 | |
| Enter build submenu | 28 | |
| Enter hero's abilities submenu | 3 | |
| Remove unit from queue | 1 | |
| Right click | 251 | |
| Select / deselect | 256 | |
| Use ability | 44 | |
627 total
» units
| Peasant | 13 | |
| Rifleman | 12 | |
| Mortar Team | 1 | |
26 total
» upgrades
| Gunpowder | 2 | |
| Armor | 1 | |
| Priest Training | 1 | |
| Sorceress Training | 1 | |
5 total
» buildings
| Lumber Mill | 1 | |
| Scout Tower | 7 | |
| Altar of Kings | 1 | |
| Blacksmith | 1 | |
| Arcane Tower | 1 | |
| Farm | 10 | |
| Barracks | 2 | |
| Keep | 1 | |
| Town Hall | 1 | |
| Guard Tower | 3 | |
| Arcane Sanctum | 2 | |
| Workshop | 1 | |
| Arcane Vault | 1 | |
32 total
» build order
00:26 Lumber Mill
01:03 Scout Tower
01:08 Altar of Kings
01:13 Blacksmith
01:33 Arcane Tower
02:10 Farm
02:20 Barracks
02:57 Farm
03:22 Farm
03:36 Farm
04:15 Barracks
07:13 Keep
07:28 Farm
07:34 Farm
07:39 Farm
10:34 Town Hall
10:48 Scout Tower
10:52 Scout Tower
11:19 Guard Tower
11:21 Scout Tower
11:23 Guard Tower
11:28 Scout Tower
11:38 Scout Tower
11:42 Scout Tower
13:45 Arcane Sanctum
13:53 Arcane Sanctum
13:56 Guard Tower
14:04 Workshop
15:11 Arcane Vault
15:39 Farm
15:43 Farm
15:49 Farm
» items
| Scroll of Healing | 1 | |
| Potion of Lesser Invulnerability | 1 | |
| Scroll of Town Portal | 1 | |
3 total
team 2 (loser)

»
BearKlawNiKKuH (
green | 205 APM | 5504 actions | 26:49)
5 Demon Hunter
3 Mana Burn
2 Evasion
3 Pandaren Brewmaster
2 Breath of Fire
1 Drunken Haze
3 Dark Ranger
1 Silence
2 Black Arrow
» actions
| Assign group hotkey | 56 | |
| Basic commands | 316 | |
| Build / train | 113 | |
| ESC pressed | 6 | |
| Enter build submenu | 17 | |
| Enter hero's abilities submenu | 11 | |
| Give item / drop item | 1 | |
| Right click | 2089 | |
| Select / deselect | 430 | |
| Select group hotkey | 2378 | |
| Use ability | 87 | |
5504 total
» units
| Wisp | 17 | |
| Archer | 17 | |
| Dryad | 12 | |
| Druid of the Talon | 8 | |
| Tauren | 4 | |
| Troll Witch Doctor | 2 | |
| Shaman | 2 | |
| Spirit Walker | 1 | |
| Raider | 7 | |
70 total
» upgrades
| Improved Bows | 1 | |
| Strength of the Moon | 3 | |
| Abolish Magic | 1 | |
| Hippogryph Taming | 1 | |
| Druid of the Talon Training | 2 | |
| Marksmanship | 1 | |
| Moon Armor | 2 | |
| Well Spring | 1 | |
12 total
» buildings
| Altar of Elders | 2 | |
| Moon Well | 8 | |
| Ancient of War | 2 | |
| Tree of Ages | 2 | |
| Hunter's Hall | 1 | |
| Tree of Life | 1 | |
| Ancient of Lore | 1 | |
| Ancient of Wind | 1 | |
| Ancient of Wonders | 1 | |
| Tree of Eternity | 2 | |
21 total
» build order
00:02 Altar of Elders
00:04 Altar of Elders
00:19 Moon Well
00:45 Ancient of War
01:29 Moon Well
02:07 Ancient of War
03:34 Moon Well
03:39 Moon Well
04:38 Tree of Ages
05:01 Hunter's Hall
06:12 Tree of Life
07:22 Ancient of Lore
09:20 Ancient of Wind
09:34 Ancient of Wonders
09:36 Tree of Eternity
09:36 Tree of Eternity
12:46 Moon Well
12:47 Moon Well
12:48 Moon Well
12:48 Moon Well
» items
| Scroll of Town Portal | 3 | |
| Anti-magic Potion | 1 | |
| Orb of Venom | 1 | |
| Potion of Healing | 1 | |
6 total
helloo (
yellow | 33 APM | 906 actions | 27:13)
5 Death Knight
3 Death Coil
2 Unholy Aura
3 Lich
2 Frost Nova
1 Dark Ritual
» actions
| Assign group hotkey | 15 | |
| Basic commands | 6 | |
| Build / train | 71 | |
| Enter build submenu | 36 | |
| Enter hero's abilities submenu | 8 | |
| Remove unit from queue | 7 | |
| Right click | 380 | |
| Select / deselect | 215 | |
| Select group hotkey | 95 | |
| Use ability | 73 | |
906 total
» units
| Acolyte | 15 | |
| Ghoul | 6 | |
| Crypt Fiend | 7 | |
| Frost Wyrm | 4 | |
| Gargoyle | 5 | |
37 total
» upgrades
| Web | 1 | |
| Creature Carapace | 1 | |
| Creature Attack | 1 | |
3 total
» buildings
| Graveyard | 2 | |
| Ziggurat | 19 | |
| Crypt | 2 | |
| Altar of Darkness | 2 | |
| Nerubian Tower | 2 | |
| Tomb of Relics | 2 | |
| Halls of the Dead | 2 | |
| Spirit Tower | 6 | |
| Sacrificial Pit | 1 | |
| Black Citadel | 1 | |
| Boneyard | 2 | |
| Necropolis | 1 | |
42 total
» build order
00:09 Graveyard
00:12 Ziggurat
00:30 Crypt
01:03 Altar of Darkness
01:19 Ziggurat
02:13 Nerubian Tower
03:13 Ziggurat
04:11 Tomb of Relics
04:22 Halls of the Dead
05:07 Ziggurat
06:08 Spirit Tower
06:56 Sacrificial Pit
07:04 Ziggurat
09:28 Ziggurat
09:31 Ziggurat
10:32 Spirit Tower
10:33 Spirit Tower
11:26 Black Citadel
12:35 Ziggurat
13:48 Ziggurat
13:50 Ziggurat
14:03 Boneyard
14:25 Boneyard
14:39 Ziggurat
15:07 Spirit Tower
15:08 Spirit Tower
15:34 Spirit Tower
16:07 Ziggurat
16:09 Ziggurat
16:11 Ziggurat
16:13 Necropolis
17:10 Altar of Darkness
17:14 Tomb of Relics
18:02 Ziggurat
18:04 Nerubian Tower
18:39 Halls of the Dead
19:36 Graveyard
19:58 Ziggurat
24:11 Crypt
25:10 Ziggurat
25:12 Ziggurat
25:14 Ziggurat
» items
| Scroll of Town Portal | 2 | |
| Potion of Healing | 1 | |
3 total
ROCCOAPESTACACA (
blue | 116 APM | 2642 actions | 22:52)
5 Blademaster
3 Wind Walk
2 Critical Strike
» actions
| Assign group hotkey | 26 | |
| Basic commands | 97 | |
| Build / train | 83 | |
| ESC pressed | 2 | |
| Enter build submenu | 23 | |
| Enter hero's abilities submenu | 5 | |
| Give item / drop item | 2 | |
| Remove unit from queue | 5 | |
| Right click | 872 | |
| Select / deselect | 240 | |
| Select group hotkey | 1128 | |
| Use ability | 159 | |
2642 total
» units
| Peon | 26 | |
| Troll Witch Doctor | 2 | |
| Shaman | 3 | |
| Tauren | 2 | |
| Spirit Walker | 4 | |
37 total
» upgrades
| Shaman Training | 2 | |
| Witch Doctor Training | 3 | |
| Pulverize | 1 | |
| Spirit Walker Training | 2 | |
| Armor | 3 | |
| Melee Weapons | 1 | |
12 total
» buildings
| Altar of Storms | 2 | |
| Orc Burrow | 10 | |
| Voodoo Lounge | 1 | |
| Stronghold | 4 | |
| Fortress | 1 | |
| Spirit Lodge | 2 | |
| War Mill | 1 | |
| Tauren Totem | 1 | |
| Great Hall | 2 | |
| Beastiary | 2 | |
26 total
» build order
00:10 Altar of Storms
00:12 Altar of Storms
00:23 Orc Burrow
01:09 Voodoo Lounge
02:05 Stronghold
02:05 Stronghold
02:05 Stronghold
02:33 Orc Burrow
02:45 Orc Burrow
03:09 Orc Burrow
04:28 Fortress
04:29 Spirit Lodge
04:45 Spirit Lodge
05:11 War Mill
07:23 Tauren Totem
12:03 Great Hall
15:25 Great Hall
18:47 Orc Burrow
18:48 Orc Burrow
18:50 Orc Burrow
18:54 Orc Burrow
18:56 Orc Burrow
18:58 Orc Burrow
19:51 Beastiary
19:52 Beastiary
» items
| Healing Salve | 2 | |
| Lesser Clarity Potion | 3 | |
| Staff of Teleportation | 1 | |
| Boots of Speed | 1 | |
| Scroll of Protection | 1 | |
| Scroll of Healing | 1 | |
| Potion of Lesser Invulnerability | 1 | |
| Scroll of Town Portal | 2 | |
| Orb of Lightning | 1 | |
13 total

»
SC2-BAD-GAME (
purple | 69 APM | 1873 actions | 27:16)
5 Mountain King
3 Storm Bolt
2 Bash
4 Paladin
2 Divine Shield
2 Holy Light
» actions
| Assign group hotkey | 32 | |
| Basic commands | 134 | |
| Build / train | 62 | |
| Enter build submenu | 18 | |
| Enter hero's abilities submenu | 9 | |
| Give item / drop item | 3 | |
| Right click | 717 | |
| Select / deselect | 215 | |
| Select group hotkey | 615 | |
| Use ability | 68 | |
1873 total
» units
| Peasant | 8 | |
| Footman | 7 | |
| Goblin Shredder | 1 | |
| Gryphon Rider | 8 | |
24 total
» upgrades
| Masonry | 1 | |
| Storm Hammers | 1 | |
| Animal War Training | 1 | |
| Swords | 3 | |
| Armor | 2 | |
8 total
» buildings
| Altar of Kings | 1 | |
| Barracks | 1 | |
| Farm | 13 | |
| Scout Tower | 4 | |
| Arcane Vault | 1 | |
| Arcane Tower | 1 | |
| Keep | 1 | |
| Lumber Mill | 1 | |
| Castle | 2 | |
| Gryphon Aviary | 3 | |
| Town Hall | 1 | |
| Guard Tower | 1 | |
| Blacksmith | 1 | |
31 total
» build order
00:15 Altar of Kings
00:20 Barracks
00:36 Farm
00:51 Farm
01:33 Farm
01:37 Scout Tower
01:57 Arcane Vault
02:16 Arcane Tower
03:29 Keep
03:56 Lumber Mill
04:13 Farm
04:14 Farm
04:50 Farm
04:51 Farm
04:52 Farm
06:23 Castle
06:23 Castle
06:47 Gryphon Aviary
07:47 Gryphon Aviary
10:12 Town Hall
10:50 Scout Tower
10:50 Scout Tower
11:56 Guard Tower
12:13 Blacksmith
13:43 Gryphon Aviary
13:46 Farm
21:17 Farm
21:18 Farm
» items
| Scroll of Regeneration | 2 | |
| Lesser Clarity Potion | 1 | |
| Healing Salve | 1 | |
| Scroll of Town Portal | 7 | |
| Staff of Teleportation | 1 | |
| Potion of Lesser Invulnerability | 1 | |
13 total
Chat log
(00:06 / Allies) ROCCOAPESTACACA: ÇFAST CASTERS HERE
(00:32 / All) SC2-BAD-GAME: i am a homosexual
(00:45 / Allies) ROCCOAPESTACACA: plz guys keep massing and ill fast casters to hit
(00:51 / All) OffSprlNg: im a bromosexual!
(00:58 / All) SC2-BAD-GAME: oh i see
(00:59 / All) WVUMountaineer: Jesus can set you free
(01:03 / All) SC2-BAD-GAME: lolz
(01:11 / All) OffSprlNg: no jesus can make u wine from water
(01:23 / All) OffSprlNg: so hes an alci!
(04:24 / Allies) ROCCOAPESTACACA: expand guys plz
(04:33 / Allies) ROCCOAPESTACACA: wood plz
(05:10 / Allies) helloo: afker?
(05:14 / Allies) ROCCOAPESTACACA: ?
(05:22 / Allies) helloo: oh nm he was expanding
(06:32 / All) ROCCOAPESTACACA: lol pally never heal
(06:47 / Allies) BearKlawNiKKuH: cuz he has aura first i think.
(07:37 / Allies) ROCCOAPESTACACA: check it out
(08:40 / Allies) ROCCOAPESTACACA: help him all
(08:54 / Allies) helloo: FUCKIGN HEKLP
(09:08 / Allies) ROCCOAPESTACACA: meet?
(09:15 / Allies) ROCCOAPESTACACA: god master casters now
(09:20 / Allies) ROCCOAPESTACACA: and torens too
(09:25 / Allies) ROCCOAPESTACACA: meet all
(09:26 / Allies) ROCCOAPESTACACA: p`lz
(09:52 / Allies) ROCCOAPESTACACA: where you go dude??
(09:53 / Allies) ROCCOAPESTACACA: meet
(10:05 / Allies) ROCCOAPESTACACA: ???
(10:13 / Allies) ROCCOAPESTACACA: come back gfast plz
(10:19 / Allies) ROCCOAPESTACACA: k hit top+
(11:09 / Allies) ROCCOAPESTACACA: next
(11:09 / Allies) helloo: omg
(11:49 / Allies) helloo: keep losing fucking expo
(11:57 / Allies) ROCCOAPESTACACA: web?
(12:12 / Allies) ROCCOAPESTACACA: main fast
(12:17 / Allies) helloo: tp to me
(12:17 / Allies) ROCCOAPESTACACA: then go next
(12:18 / Allies) helloo: when they hit
(12:44 / Allies) helloo: tp
(12:46 / Allies) SC2-BAD-GAME: TP
(13:58 / Allies) SC2-BAD-GAME: BUY tps
(14:10 / Allies) ROCCOAPESTACACA: k
(14:25 / Allies) ROCCOAPESTACACA: look
(14:50 / Allies) SC2-BAD-GAME: pinks gonna tp
(15:23 / Allies) BearKlawNiKKuH: air do ur best to kill mort pls
(15:36 / Allies) SC2-BAD-GAME: wait ab it
(15:45 / Allies) SC2-BAD-GAME: ignor eit
(15:48 / Allies) helloo: fuck it let it go i guess
(15:53 / Allies) helloo: keep losing my shit cant build
(15:54 / Allies) ROCCOAPESTACACA: save acos
(16:34 / All) OffSprlNg: they say no tp
(16:36 / All) ROCCOAPESTACACA: owned
(16:36 / All) OffSprlNg: And tp lol gg
(16:37 / All) SC2-BAD-GAME: lolz
(16:42 / All) SC2-BAD-GAME: gg
(16:58 / All) SC2-BAD-GAME: join clan s4s
(17:05 / All) SC2-BAD-GAME: clan s4s #1
(17:06 / All) OffSprlNg: im sham there
(17:11 / All) SC2-BAD-GAME: i know i helped make it
(17:15 / Allies) ROCCOAPESTACACA: fast casters ftw
(17:18 / All) OffSprlNg: O.o
(17:26 / All) OffSprlNg: then gogo tk for me plz thx
(17:34 / All) SC2-BAD-GAME: onlygodsays
(17:37 / All) SC2-BAD-GAME: no tking
(17:45 / All) OffSprlNg: Dave is homo
(18:06 / Specific player) SC2-BAD-GAME: i can stab maybe
(18:17 / Specific player) SC2-BAD-GAME: green is biggest threat
(18:24 / Specific player) SC2-BAD-GAME: hes also in clans 4s tho
(18:30 / Allies) helloo: out lol
(19:28 / All) ROCCOAPESTACACA: bats time
(19:33 / All) OffSprlNg: lol damn!
(20:05 / Allies) helloo: help....
(20:43 / Allies) helloo: end him
(20:45 / Allies) ROCCOAPESTACACA: come come
(20:49 / Allies) helloo: enough already
(20:57 / All) ROCCOAPESTACACA: come come
(21:05 / Allies) SC2-BAD-GAME: hit pik
(21:06 / Allies) SC2-BAD-GAME: pink
(22:46 / Allies) ROCCOAPESTACACA: plz wtf
(22:51 / Allies) ROCCOAPESTACACA: control my units phone
(22:52 / Allies) helloo: purp wtf
(23:12 / All) OffSprlNg: my am is stuck =\
(23:18 / Allies) helloo: wtf are u doing purp
(23:57 / Allies) helloo: wtf is this kid doing
(24:07 / All) BearKlawNiKKuH: hes tking clearly
(24:21 / Allies) helloo: usually these dumb kids do that at start
(24:32 / All) SC2-BAD-GAME: success lolz
(24:33 / All) BearKlawNiKKuH: idk i guess hes hard for pink
(24:35 / All) BearKlawNiKKuH: :/
(24:38 / All) OffSprlNg: lol
(25:30 / All) SC2-BAD-GAME: come on yellow quit being rude
(25:54 / All) OffSprlNg: lol i4got oj had base left
(26:27 / All) helloo: next time u wanna be a stupid fatass
(26:31 / All) SC2-BAD-GAME: lolz
(26:32 / All) helloo: do it at start idiot
(26:35 / All) SC2-BAD-GAME: sorry
(26:38 / All) OffSprlNg: this is yellows life
(26:41 / All) SC2-BAD-GAME: i am loyal to pink tho
(26:44 / All) helloo: lol shh pink u are bad
(26:45 / All) BearKlawNiKKuH: ur boyfriend won it for u
(26:48 / All) BearKlawNiKKuH: grats off
(26:48 / All) OffSprlNg: lol
(26:50 / All) helloo: why he is terrible
(26:57 / All) helloo: him on ur team is insta loss
(27:03 / All) SC2-BAD-GAME: lawl
(27:04 / All) OffSprlNg: who
(27:05 / All) OffSprlNg: u?
(27:08 / All) helloo: u tard
(27:13 / All) OffSprlNg: thx for fw yellow